 Dungeon Crawl Stone Soup version 0.29-a0-577-gafbf2c5d25 (webtiles) character file.

Game seed: 2021409522722047717

9 DocClef the Sneak (level 2, -2/26 HPs)
             Began as a Draconian Delver on June 13, 2022.
             Slain by a black bear (4 damage)
             ... on level 5 of the Dungeon.
             The game lasted 00:00:18 (167 turns).

DocClef the Sneak (Draconian Delver)                 Turns: 167, Time: 00:00:18

Health: -2/26      AC:  4    Str: 14    XL:     2   Next: 6%
Magic:  2/2        EV: 12    Int: 10    God:
Gold:   31         SH:  0    Dex: 12    Spells: 1/1 levels left

rFire   . . .      SeeInvis .   a - +0 short sword
rCold   . . .      Faith    .   (no shield)
rNeg    . . .      Spirit   .   (body armour unavailable)
rPois   .          Reflect  .   (helmet restricted)
rElec   .          Harm     .   (no cloak)
rCorr   .          Rampage  .   (no gloves)
Will    .....                   (no boots)
Stlth   +++.......              (no amulet)
HPRegen 0.08/turn               (no ring)
MPRegen 0.08/turn               (no ring)

@: no status effects
A: AC +4, unfitting armour, cold-blooded
a: no special abilities


You were on level 5 of the Dungeon.
You visited 1 branch of the dungeon, and saw 1 of its levels.

You collected 31 gold pieces.

Inventory:

Hand Weapons
 a - a +0 short sword (weapon)
Wands
 f - a wand of digging (3)
Scrolls
 b - a scroll of fog
 c - a scroll of magic mapping
 d - a scroll of fear
 h - a scroll of teleportation {unknown}
Potions
 e - a potion of haste
 g - a potion of resistance {unknown}


   Skills:
 + Level 3.4 Fighting
 + Level 2.2 Short Blades
 + Level 2.0 Dodging
 + Level 4.6 Stealth


You had one spell level left.
You didn't know any spells.
Your spell library was empty.

Dungeon Overview and Level Annotations

Branches:
Dungeon (5/15)
 Temple: D:4-7

Altars:

Shops:
D:5 !


Innate Abilities, Weirdness & Mutations

Your plain brown scales are hard. (AC +4)
You cannot fit into any form of body armour.
You are cold-blooded and may be slowed by cold attacks.


Message History

The black bear bites you. The black bear claws you.
The black bear barely misses you.
You barely miss the black bear.
The black bear is lightly wounded.
The black bear barely misses you. The black bear claws you.
The black bear claws you but does no damage.
You hit the black bear.
The black bear is moderately wounded.
The black bear closely misses you. The black bear barely misses you.
The black bear completely misses you.
You closely miss the black bear.
The black bear is moderately wounded.
The black bear closely misses you. The black bear claws you.
The black bear barely misses you.
You hit the black bear.
The black bear is heavily wounded.
The black bear bites you but does no damage.
The black bear claws you. x2
You hit the black bear but do no damage.
The black bear is heavily wounded.
The black bear bites you.
* * * LOW HITPOINT WARNING * * *
The black bear claws you.
* * * LOW HITPOINT WARNING * * *
The black bear claws you but does no damage.
You hit the black bear.
The black bear is severely wounded.
The black bear bites you.
* * * LOW HITPOINT WARNING * * *
The black bear claws you but does no damage.
The black bear claws you.
* * * LOW HITPOINT WARNING * * *
You hit the black bear.
You tail-slap the black bear, but do no damage.
The black bear is severely wounded.
Unknown command.
You closely miss the black bear.
The black bear is severely wounded.
The black bear bites you.
You die...

##### ..... ... .#
#.# #.### ###
##.####.... ..#
......#..# # #.# #
.>.##.#..#
#.##.##.#
.........#
#.......#
##.......#
###@#####
#.##...##
#...h...# #.##...#
#.#.###.#
##.###..## #.#..#
...#.....# # ##.#
# #.8.....#
#.##.##.#
#.......##
#.......#
#...>...8#
####.####
#....)...#######.#


You could see a black bear.

Vanquished Creatures
  An adder (D:5)
1 creature vanquished.

Notes
Turn   | Place    | Note
-------+----------+-------------------------------------------
     0 | D:5      | DocClef the Draconian Delver began the quest for the Orb.
     0 | D:5      | Reached XP level 1. HP: 19/19 MP: 1/1
     9 | D:5      | Found Qaamatam's Distillery.
    60 | D:5      | Reached XP level 2. HP: 18/26 MP: 2/2
   156 | D:5      | Noticed a black bear
   167 | D:5      | Slain by a black bear

Illustrated notes

Levels and vault maps discovered:
D:5:      layout_loops_cross, gammafunk_temple_overflow_statue, led_sif_pool,
          serial_shops, nicolae_stop_n_shop_1, shop, nicolae_shop_crystal,
          nicolae_shop_temple_entry_statues_fountains

Skill      XL: |  1 |
---------------+----+-----
Dodging        | 2 |  2.0
Fighting       | |  3.4
Short Blades   | |  2.2
Stealth        | |  4.6

Action                   || total
-------------------------++-------
Melee: Short sword       ||    21
       Tailslap          ||     2
       Punch             ||     1
Armor: Skin              ||    11
Dodge: Dodged            ||    13

Table legend: (Time is in decaauts)
 A = Elapsed time spent in this place.
 B = Non-inter-level travel time spent in this place.
 C = Inter-level travel time spent in this place.
 D = Time resting spent in this place.
 E = Time spent auto-exploring this place.
 F = Levels seen in this place.
 G = Mean time per level.
                   A        B        C        D        E       F      G
               +--------+--------+--------+--------+--------+-----+--------+
         Total |    166 |    166 |      0 |      0 |    134 |   1 |  166.0 |
       Dungeon |    166 |    166 |      0 |      0 |    134 |   1 |  166.0 |
               +--------+--------+--------+--------+--------+-----+--------+

Top non-repeatable levels by time:
     D:5: 166 daAuts
